Map: Ruins of Seras

Players

SortOf

  • Race: Zerg Zerg
  • League: Grandmaster

AcerBly (Bly) - Winner!

  • Race: Zerg Zerg

Event: DreamHack ROCCAT LotV Championship

VOD

Have the link to the VOD?

Description

Time

  • Played on: Nov. 26, 2015, 6:30 a.m.
  • Length: 10:16

All games in this series

Show
View Real Time Build Order
Export as new Build Order

SortOf Zerg 

Build Orders: 14 gas / 14 pool, Pool First 

Get SALT Encoding   

  12  0:00  Drone  
  13  0:08  Drone  
  14  0:16  Drone, Extractor  
  14  0:33  Spawning Pool  
  13  0:36  Drone  
  14  0:42  Extractor  
  14  0:45  Drone  
  15  0:55  Overlord  
  15  1:20  Zergling x4  
  15  1:21  Metabolic Boost  
  15  1:23  Zergling x2  
  18  1:29  Queen  
  20  1:34  Zergling x2  
  21  1:45  Zergling x2  
  22  2:01  Hatchery  
  21  2:08  Overlord  
  21  2:15  Zergling x2  
  22  2:27  Zergling x4  
  24  2:33  Baneling Nest  
  23  2:37  Zergling x2  
  23  2:40  Zergling x2  
  25  2:44  Zergling x2  
  26  2:51  Zergling x2  
  26  2:52  Zergling x2  
  25  3:08  Drone  
  25  3:10  Drone x2  
  27  3:17  Drone x2  
  28  3:20  Baneling x2  
  26  3:31  Drone  
  26  3:39  Drone x3  
  26  3:45  Zergling x2  
  26  3:48  Queen  
  26  3:51  Zergling x2  
  30  3:55  Zergling x2  
  30  4:00  Drone  
  31  4:03  Zergling x2  
  31  4:04  Baneling x2  
  31  4:06  Drone  
  33  4:14  Drone  
  33  4:16  Drone x2  
  36  4:21  Overlord  
  36  4:30  Overlord  
  36  4:31  Overlord  
  36  4:34  Baneling  
  36  4:36  Drone  
  36  4:40  Drone x2  
  36  4:45  Drone x2  
  40  4:47  Drone  
  40  4:49  Drone  
  42  4:55  Overlord  
  42  4:57  Drone  
  43  5:08  Hatchery  
  43  5:12  Zergling x4  
  43  5:17  Baneling  
  43  5:21  Roach Warren  
  43  5:23  Lair  
  43  5:25  Drone  
  43  5:27  Zergling x2  
  44  5:33  Drone x2  
  45  5:40  Queen  
  47  5:43  Zergling x8  
  51  5:52  Overlord  
  51  5:57  Overlord  
  51  6:03  Zergling x2  
  51  6:14  Extractor  
  52  6:21  Roach  
  52  6:22  Drone x4, Roach x4  
  52  6:23  Evolution Chamber  
  52  6:25  Extractor  
  62  6:29  Drone  
  62  6:31  Roach  
  62  6:32  Baneling  
  62  6:43  Drone x3  
  62  6:50  Overlord  
  62  6:51  Drone  
  62  6:52  Drone x5  
  70  6:57  Overlord  
  70  6:58  Drone x2  
  70  7:03  Extractor  
  70  7:06  Extractor  
  68  7:09  Overlord x2  
  68  7:11  Drone x2  
  68  7:12  Drone  
  68  7:14  Drone  
  72  7:18  Roach x2  
  72  7:20  Roach  
  78  7:27  Roach  
  76  7:31  Roach x4  
  76  7:35  Roach  
  81  7:39  Roach  
  81  7:43  Roach  
  84  7:44  Roach  
  84  7:47  Roach  
  84  7:54  Roach x3  
  84  7:56  Roach  
  90  8:00  Roach  
  90  8:03  Roach  
  85  8:08  Roach  
  83  8:17  Roach  
  83  8:22  Roach  
  83  8:26  Roach  
  83  8:30  Roach  
  82  8:36  Roach  
  82  8:39  Roach  
  77  8:42  Roach  
  77  8:47  Roach  
  71  8:53  Roach x2  
  72  8:55  Roach  
  66  9:03  Roach x3  
  68  9:10  Roach  
  66  9:18  Drone x2, Roach  
  66  9:19  Drone x2  
  68  9:29  Roach  
  70  9:32  Drone x2  
  70  9:36  Roach  
  74  9:41  Roach x2  
  74  9:43  Drone  
  79  9:46  Drone  
  79  9:51  Drone  
  81  9:59  Drone x3  
  84  10:02  Ravager  
  84  10:03  Drone  
Show
View Real Time Build Order
Export as new Build Order

AcerBly Zerg - Winner!

Build Orders: Hatch First 

Get SALT Encoding   

  12  0:00  Drone  
  13  0:12  Overlord  
  13  0:19  Drone  
  14  0:30  Drone x2  
  14  0:34  Drone  
  17  0:53  Hatchery  
  16  0:57  Drone  
  16  1:00  Extractor  
  16  1:11  Spawning Pool  
  16  1:15  Drone  
  16  1:18  Drone  
  16  1:24  Drone  
  18  1:33  Drone  
  19  1:40  Overlord  
  19  1:58  Queen  
  19  1:59  Zergling x2  
  19  2:00  Zergling x2  
  23  2:01  Metabolic Boost  
  23  2:08  Queen  
  23  2:13  Zergling x2  
  26  2:16  Drone  
  27  2:25  Baneling Nest  
  27  2:27  Zergling x2  
  27  2:29  Zergling x2  
  28  2:32  Zergling x2  
  29  2:37  Zergling x2  
  29  2:40  Zergling x2  
  31  2:50  Zergling x4  
  26  3:06  Zergling x8  
  30  3:17  Zergling x2  
  30  3:18  Zergling x2  
  31  3:25  Zergling x4  
  31  3:26  Baneling x2  
  31  3:27  Baneling x2  
  31  3:41  Zergling x2  
  28  3:44  Drone x3  
  28  3:47  Drone  
  30  3:54  Baneling  
  30  3:56  Zergling x4  
  30  4:00  Drone  
  33  4:03  Drone  
  33  4:09  Overlord  
  34  4:12  Drone  
  35  4:29  Drone x5  
  35  4:30  Drone  
  41  4:34  Overlord  
  40  4:44  Zergling x4  
  41  4:50  Overlord  
  41  4:55  Drone x3  
  41  4:58  Extractor  
  41  4:59  Lair, Extractor  
  42  5:06  Overlord  
  41  5:14  Drone  
  41  5:15  Drone x2  
  41  5:19  Roach Warren  
  43  5:27  Drone x3  
  46  5:38  Drone x4  
  46  5:39  Overlord  
  50  5:52  Overlord, Queen  
  50  5:55  Overlord  
  52  6:01  Glial Reconstitution  
  52  6:03  Overlord, Extractor  
  51  6:14  Hatchery  
  51  6:19  Nydus Network  
  51  6:24  Queen  
  52  6:30  Roach x3  
  58  6:33  Roach  
  58  6:35  Roach  
  58  6:39  Roach  
  62  6:45  Roach x2  
  62  6:50  Roach x2  
  66  6:58  Nydus Canal  
  66  7:09  Roach x4  
  66  7:10  Hydralisk Den  
  66  7:14  Drone x2  
  75  7:36  Drone  
  75  7:37  Drone x5  
  81  7:38  Overlord  
  81  7:40  Extractor  
  80  7:45  Nydus Canal  
  80  7:50  Roach x4  
  88  8:01  Roach  
  82  8:12  Nydus Canal  
  82  8:14  Roach x8  
  82  8:17  Lurker Den  
  98  8:24  Overlord  
  92  8:35  Roach x2  
  92  8:36  Nydus Canal, Roach  
  92  8:47  Drone  
  92  8:48  Drone x3  
  80  9:01  Roach x5  
  80  9:14  Overlord  
  76  9:18  Hydralisk x7  
  84  9:26  Extractor  
  84  9:28  Extractor  
  82  9:31  Zergling x8  
  82  9:36  Roach x3  
  93  9:45  Lurker  
  93  9:46  Lurker  
  93  9:47  Lurker  
  93  9:51  Zergling x14  
  102  10:07  Nydus Canal  

Tags
 
Add a new tag
Caveats
  • Supply blocks, unpowered buildings, or Contaminate may cause inaccurate times.
  • Supply counts are checked every 10 seconds.